 Dungeon Crawl Stone Soup version 0.29-a0-1008-g949cc1d0fb (webtiles) character file.

Game seed: 10091611147894762593

114 vurker the Shooter (level 4, -7/40 HPs)
             Began as a Minotaur Hunter on Aug 7, 2022.
             Mangled by an ogre
             ... wielding a +0 giant spiked club
              (32 damage)
             ... on level 4 of the Dungeon.
             The game lasted 00:02:34 (2833 turns).

vurker the Shooter (Minotaur Hunter)                Turns: 2833, Time: 00:02:34

Health: -7/40      AC:  3    Str: 17    XL:     4   Next: 67%
Magic:  3/3        EV: 12    Int:  6    God:
Gold:   226        SH:  0    Dex: 14    Spells: 3/3 levels left

rFire   . . .      SeeInvis .   q - +0 short sword (speed)
rCold   . . .      Faith    .   (no shield)
rNeg    . . .      Spirit   .   c - +0 leather armour
rPois   .          Reflect  .   (helmet restricted)
rElec   .          Harm     .   (no cloak)
rCorr   .          Rampage  .   (no gloves)
Will    .....                   (no boots)
Stlth   +.........              (no amulet)
HPRegen 0.13/turn               (no ring)
MPRegen 0.08/turn               (no ring)

@: no status effects
A: horns 2, retaliatory headbutt
a: no special abilities


You were on level 4 of the Dungeon.
You visited 1 branch of the dungeon, and saw 4 of its levels.

You collected 265 gold pieces.
You spent 39 gold pieces at shops.

Inventory:

Hand Weapons
 a - a +0 shortbow
 q - a +0 short sword of speed (weapon)
   (You took it off a kobold on level 1 of the Dungeon)
Armour
 c - a +0 leather armour (worn)
Scrolls
 b - 2 scrolls of immolation
 d - a scroll of noise {unknown}
 e - a scroll of identify {unknown}
 g - 2 scrolls of teleportation {unknown}
 k - a scroll of brand weapon {unknown}
 l - a scroll of blinking {unknown}
 m - a scroll of poison {unknown}
 n - a scroll of enchant armour {unknown}
 o - a scroll of acquirement {unknown}
 p - a scroll of magic mapping {unknown}
Potions
 f - a potion of lignification {unknown}
 h - 2 potions of brilliance {unknown}
 i - 4 potions of curing {unknown}
 j - 3 potions of attraction {unknown}
 r - a potion of degeneration {unknown}
 s - 3 potions of mutation {unknown}
 t - a potion of flight {unknown}
 u - a potion of resistance {unknown}
 v - 2 potions of magic {unknown}


   Skills:
 + Level 3.9 Fighting
 * Level 1.3 Long Blades
 - Level 5.8 Ranged Weapons
 - Level 2.1 Dodging
 - Level 0.7 Stealth


You had 3 spell levels left.
You didn't know any spells.
Your spell library contained the following spells:

 Spells                   Type           Power      Damage    Failure   Level
 Slow                     Hex            0%         N/A       52%         1
 Confusing Touch          Hex            0%         N/A       88%         3
 Vampiric Draining        Necr           0%         2d6       88%         3


Dungeon Overview and Level Annotations

Branches:
Dungeon (4/15)
 Temple: D:4-7

Altars:
Ashenzari

Shops:
D:3 *


Innate Abilities, Weirdness & Mutations

You have a pair of horns on your head.
You reflexively headbutt those who attack you in melee.


Message History

You hit the adder.
You feel sick. The adder closely misses you. You furiously retaliate!
You headbutt the adder.
You kill the adder!
No target in view!
No target in view!
No target in view!
No target in view!
No target in view!
No target in view!
No target in view!
No target in view!
No target in view!
No target in view!
No target in view!
No target in view!
No target in view!
No target in view!
You feel sick.
You feel sick.
You feel sick.
You feel sick.
You are no longer poisoned.
v - 2 smoky clear potions You now have 226 gold pieces (gained 17).
As you open the door, it creaks loudly!
An ogre comes into view. It is wielding a +0 giant spiked club.
The ogre shouts!
An ogre is nearby!
An ogre is nearby!
A hobgoblin comes into view.
The hobgoblin shouts!
There is an open door here.
You hit the hobgoblin. You headbutt the hobgoblin.
The hobgoblin closely misses you.
You hit the hobgoblin but do no damage. You barely miss the hobgoblin.
The hobgoblin hits you but does no damage.
You hit the hobgoblin but do no damage. You headbutt the hobgoblin.
You kill the hobgoblin!
You hit the ogre but do no damage. You headbutt the ogre.
You hit the ogre but do no damage. The ogre barely misses you.
You furiously retaliate!
You headbutt the ogre! You barely miss the ogre.
You hit the ogre but do no damage.
The ogre hits you with a +0 giant spiked club!
You barely miss the ogre. You barely miss the ogre.
The ogre hits you with a +0 giant spiked club!!
Ouch! That really hurt!
You die...

##...# ##.## ##...# #.#
.# ##...#### #.# ##.####
........# ##'## ......
........###...## .....
........##.....## ...# #
##...####.......##...#..#
#....###.........#......#
.......+........@O.......
#...####......[..#......#
##..# ##.......##...#..#
.#.# ##.....## ..... . .
.# ##...## ##.### . ##
##+## .# .# #


You could see an ogre.

Vanquished Creatures
  Terence (D:2)
  4 adders
  A worm (D:2)
  A dart slug (D:1)
  An orc (D:3)
  6 endoplasms
  A giant cockroach (D:1)
  A goblin (D:3)
  8 hobgoblins
  A quokka (D:3)
  7 ball pythons
  6 bats
  2 frilled lizards
  5 kobolds
  4 rats
49 creatures vanquished.

Vanquished Creatures (others)
  5 toadstools (D:1)
5 creatures vanquished.

Grand Total: 54 creatures vanquished

Notes
Turn   | Place    | Note
-------+----------+-------------------------------------------
     0 | D:1      | vurker the Minotaur Hunter began the quest for the Orb.
     0 | D:1      | Reached XP level 1. HP: 18/18 MP: 0/0
   279 | D:1      | Reached XP level 2. HP: 25/25 MP: 1/1
   368 | D:1      | Reached skill level 5 in Ranged Weapons
   719 | D:2      | Noticed Terence
   727 | D:2      | Killed Terence
   728 | D:2      | Reached XP level 3. HP: 30/31 MP: 2/2
  1541 | D:3      | Found a broken altar of Ashenzari.
  1561 | D:3      | Reached XP level 4. HP: 38/38 MP: 3/3
  2020 | D:3      | Found Jahorare's Assorted Antiques.
  2026 | D:3      | Bought a scroll labelled JUEMI GIPUIKELI for 21 gold pieces
  2026 | D:3      | Bought a fizzy clear potion for 18 gold pieces
  2655 | D:4      | Reached skill level 1 in Long Blades
  2821 | D:4      | Noticed an ogre
  2833 | D:4      | Mangled by an ogre

Illustrated notes

Levels and vault maps discovered:
D:1:      ldierk_walled_garden, layout_loops_ring, minmay_surrounded
D:2:      layout_loops_ring, uniq_terence
D:3:      layout_basic, mainiacjoe_overflow_small_starburst, serial_shops, shop,
          minivault_11
D:4:      layout_loops_corners

Skill      XL: |  1  2  3  4 |
---------------+-------------+-----
Ranged Weapons | 5 |  5.8
Fighting       | 3 |  3.9
Long Blades    | 1 |  1.3
Dodging        | |  2.1
Stealth        | |  0.7

Action                   |  1- 3 |  4- 6 || total
-------------------------+-------+-------++-------
Melee: Short sword       |       |    34 ||    34
       Headbutt          |       |     9 ||     9
 Fire: Shortbow          |    79 |    19 ||    98
Armor: Leather armour    |     6 |     5 ||    11
Dodge: Dodged            |    13 |    20 ||    33

Table legend: (Time is in decaauts)
 A = Elapsed time spent in this place.
 B = Non-inter-level travel time spent in this place.
 C = Inter-level travel time spent in this place.
 D = Time resting spent in this place.
 E = Time spent auto-exploring this place.
 F = Levels seen in this place.
 G = Mean time per level.
                   A        B        C        D        E       F      G
               +--------+--------+--------+--------+--------+-----+--------+
         Total |   2850 |   2666 |    184 |      0 |   2310 |   4 |  712.5 |
       Dungeon |   2850 |   2666 |    184 |      0 |   2310 |   4 |  712.5 |
               +--------+--------+--------+--------+--------+-----+--------+

Top non-repeatable levels by time:
     D:3: 943 daAuts
     D:2: 854 daAuts
     D:1: 684 daAuts
     D:4: 367 daAuts
